AoeStats
← saschauli

Baltic

510522949Analyzed
4v4 RM · 2d ago on Oct 1, 2026· 53m 58s· 8 players
Game mode
Random Map
Map size
Large (8 player)
Population
200
Speed
Normal
Resources
Standard
Victory
Conquest
Starting age
Dark Age
Ending age
Imperial Age
RankedLock teamsTeams togetherTeam positionsShared explorationLock speedFull tech treeHidden civsTurbo modeCheats
Victory
Defeat
🇧🇴 Franks · Bolivia
1062
+14
🇺🇸 Varangians · United States
1056
+15
🇩🇪 Celts · Germany
1008
+16
🇨🇳 Khmer · China
955
+18
🇭🇰 Wu · Hong Kong SAR China
1031
-16
🇪🇸 Lithuanians · Spain
1025
-16
🇹🇼 Tupi · Taiwan
1023
-16
🇹🇼 Slavs · Taiwan
1001
-15
deankuo
7:00 Loom
12:52 Feudal Age
14:25 Double-Bit Axe
17:31 Fishing Lines
19:53 Castle Age
21:31 Bow Saw
22:52 Gillnets
24:07 Horse Collar
27:56 Wheelbarrow
32:58 Imperial Age
31:17 Scale Barding Armor
31:22 Forging
31:51 Detinets
32:30 Medium Warships
33:14 Bloodlines
33:06 Husbandry
33:21 Heavy Plow
34:29 Conscription
35:48 Chain Barding Armor
36:04 Iron Casting
37:35 Block Printing
37:21 Capped Ram
37:45 Elite Boyar
40:28 Siege Ram
42:21 Caravan
42:46 Gold Mining
42:46 Stone Mining
46:43 Gold Shaft Mining
48:33 Onager
49:21 Pikeman
50:02 Squires
50:40 Hoardings
50:07 Druzhina
50:44 Plate Barding Armor
51:11 Blast Furnace
50:12 Scale Mail Armor
51:12 Fletching
51:26 Siege Onager
51:44 Halberdier
MacGyver (RubenS)
0:34 Loom
11:25 Feudal Age
13:28 Wheelbarrow
12:40 Double-Bit Axe
13:09 Horse Collar
18:24 Gold Mining
18:30 Stone Mining
18:41 Fishing Lines
19:00 Town Watch
21:56 Castle Age
20:16 Forging
20:44 Scale Barding Armor
22:22 Bloodlines
23:43 Iron Casting
23:29 Chain Barding Armor
23:26 Gillnets
24:18 Husbandry
24:43 Scale Mail Armor
24:21 Pikeman
25:01 Squires
27:47 Light Cavalry
29:58 Hand Cart
33:38 Chain Barding Armor
36:18 Imperial Age
34:09 Chain Mail Armor
34:30 Sanctity
34:21 Fervor
34:22 Redemption
34:32 Caravan
35:04 Medium Warships
35:58 Murder Holes
36:38 Cavalier
37:07 Arson
37:07 Halberdier
38:50 Block Printing
39:11 Theocracy
39:05 Illumination
40:32 Conscription
arping0904
8:51 Loom
12:38 Feudal Age
13:17 Double-Bit Axe
13:26 Gold Mining
15:57 Fishing Lines
19:53 Castle Age
19:12 Champi Runner
19:59 Scale Mail Armor
21:41 Forging
21:51 Horse Collar
22:25 Bow Saw
23:58 Iron Casting
25:48 Chain Mail Armor
29:06 Wheelbarrow
29:27 Fletching
31:14 Gillnets
34:05 Imperial Age
32:02 Padded Archer Armor
31:58 Bodkin Arrow
33:09 Squires
32:55 Arson
33:21 Caciques
34:04 Hand Cart
33:35 Town Watch
36:25 Town Patrol
36:17 Elite Ibirapema Warrior
37:20 Pikeman
38:44 Heavy Plow
39:49 Two-Man Saw
39:25 Gold Shaft Mining
38:20 Halberdier
40:47 Curare
41:04 Conscription
40:53 Capped Ram
42:08 Murder Holes
43:14 Chemistry
41:56 Treadmill Crane
44:09 Two-Man Saw
43:12 Champi Warrior
44:21 Elite Champi Warrior
45:52 Plate Mail Armor
46:07 Caravan
51:11 Bracer
51:27 Leather Archer Armor
51:36 Ballistics
51:26 Arrowslits
53:31 Ring Archer Armor
Starlight
0:47 Loom
14:02 Feudal Age
16:39 Wheelbarrow
19:14 Castle Age
17:39 Double-Bit Axe
17:40 Horse Collar
17:52 Gold Mining
18:03 Stone Mining
20:15 Hand Cart
22:44 Bow Saw
30:11 Husbandry
30:23 Pikeman
33:13 Fletching
36:57 Imperial Age
36:42 Squires
36:27 Arson
36:55 Red Cliffs Tactics
36:58 Bodkin Arrow
37:10 Elite Fire Archer
38:11 Conscription
37:54 Bracer
39:26 Ballistics
39:48 Gold Shaft Mining
39:48 Caravan
42:37 Padded Archer Armor
43:46 Halberdier
46:10 Scale Mail Armor
46:21 Forging
47:50 Two-Man Saw
47:49 Chain Mail Armor
Taylor
6:59 Loom
9:27 Feudal Age
10:01 Double-Bit Axe
15:30 Castle Age
15:44 Horse Collar
17:13 Bloodlines
20:40 Forging
24:34 Iron Casting
28:39 Husbandry
31:10 Scale Barding Armor
31:01 Gold Mining
31:24 Bow Saw
31:57 Wheelbarrow
31:30 Heavy Plow
34:43 Stone Mining
37:26 Imperial Age
35:44 Hand Cart
36:41 Caravan
38:02 Cavalier
39:47 Conscription
40:05 Fletching
47:10 Ballistics
51:01 Elite Jarl
Mob Psycho 100
10:05 Feudal Age
15:52 Castle Age
13:49 Double-Bit Axe
16:11 Loom
24:39 Gold Mining
26:21 Bow Saw
28:57 Imperial Age
28:04 Scale Barding Armor
29:06 Chain Barding Armor
30:02 Husbandry
29:28 Cavalier
31:01 Forging
33:55 Gold Shaft Mining
33:59 Wheelbarrow
34:21 Paladin
35:58 Iron Casting
36:34 Plate Barding Armor
36:38 Town Watch
37:09 Hand Cart
38:50 Blast Furnace
50:06 Chivalry
saschauli
6:19 Loom
11:30 Feudal Age
15:58 Castle Age
14:07 Double-Bit Axe
14:23 Gold Mining
14:39 Horse Collar
15:30 Stone Mining
18:37 Stone Shaft Mining
18:40 Heavy Plow
20:43 Bow Saw
23:38 Scale Mail Armor
27:31 Forging
29:44 Gold Shaft Mining
30:25 Fletching
31:12 Iron Casting
33:55 Chain Mail Armor
36:19 Imperial Age
34:43 Bodkin Arrow
35:30 Wheelbarrow
38:04 Blast Furnace
37:36 Plate Mail Armor
37:44 Stronghold
電動遊戯
11:11 Feudal Age
11:54 Loom
14:54 Castle Age
14:28 Horse Collar
17:32 Double-Bit Axe
19:00 Fervor
24:08 Bow Saw
27:25 Stone Mining
29:19 Wheelbarrow
29:22 Stone Shaft Mining
28:42 Gold Mining
29:51 Scale Barding Armor
29:37 Fletching
30:02 Fortified Wall
30:12 Ballistics
33:18 Imperial Age
31:06 Caravan
31:43 Hand Cart
31:57 Bodkin Arrow
32:22 Chain Barding Armor
32:39 Gold Shaft Mining
32:05 Heavy Plow
31:52 Town Watch
33:00 Murder Holes
33:16 Masonry
33:30 Bloodlines
33:20 Husbandry
34:30 Conscription
34:14 Double Crossbow
33:38 Elite Ballista Elephant
35:15 Hoardings
34:52 Bracer
35:29 Crop Rotation
34:39 Capped Ram
35:56 Siege Engineers
36:52 Chemistry
37:10 Plate Barding Armor
36:27 Siege Ram
41:02 Architecture
40:36 Pikeman
41:02 Arson
41:29 Forging
41:19 Scale Mail Armor
41:22 Town Patrol
42:09 Halberdier
43:26 Iron Casting
43:06 Chain Mail Armor
46:08 Blast Furnace
45:10 Padded Archer Armor
Connection lost

Rejoining the realm…

Still unreachable

The connection could not be restored.

Session expired

The server has moved on; the page needs a fresh start.